 Dungeon Crawl Stone Soup version 0.31-a0-214-gb37851dbb3 (webtiles) character file.

Game seed: 13083590552954280403

583 Querens the Shield-Bearer (level 7, -4/56 HPs)
             Began as a Formicid Fighter on July 1, 2023.
             Killed from afar by an orc wizard (10 damage)
             ... with a magic dart
             ... on level 4 of the Dungeon.
             The game lasted 00:10:23 (2318 turns).

Querens the Shield-Bearer (Formicid Fighter)        Turns: 2318, Time: 00:10:23

Health: -4/56      AC: 10    Str: 23    XL:     7   Next: 64%
Magic:  7/7        EV:  8    Int:  7    God:
Gold:   172        SH:  5    Dex: 13    Spells: 6/6 levels left

rFire   + . .        a - +0 war axe
rCold   . . .        c - +0 buckler
rNeg    + . .        j - +1 chain mail {rF+}
rPois   .            (helmet unavailable)
rElec   .            (no cloak)
rCorr   .            (no gloves)
SInv    +            (no boots)
Will    .....        (no amulet) Stlth
                     k - ring of positive energy
HPRegen 0.29/turn    (no ring)
MPRegen 0.10/turn

%: no passive effects
@: no status effects
A: permanent stasis, dig shafts and tunnels, antennae 3, four strong arms
a: Dig, Shaft Self


You were on level 4 of the Dungeon.
You visited 1 branch of the dungeon, and saw 5 of its levels.

You collected 222 gold pieces.
You spent 50 gold pieces at shops.

Inventory:

Hand Weapons
 a - a +0 war axe (weapon)
Armour
 c - a +0 buckler (worn)
 j - a +1 chain mail of fire resistance (worn)
Jewellery
 k - a ring of positive energy (left hand)
 n - a ring of flight
Wands
 i - a wand of light (1)
Scrolls
 e - a scroll of brand weapon {unknown}
 f - 3 scrolls of identify {unknown}
 g - a scroll of blinking {unknown}
 h - a scroll of enchant weapon {unknown}
 l - 2 scrolls of teleportation {unknown}
 m - a scroll of enchant armour {unknown}
 o - 2 scrolls of immolation {unknown}
 p - a scroll of noise {unknown}
Potions
 r - a potion of attraction {unknown}
 s - a potion of haste {unknown}


   Skills:
 + Level 5.2 Fighting
 + Level 4.3 Axes
 + Level 5.3 Armour
 + Level 6.4 Shields


You had 6 spell levels left.
You didn't know any spells.
Your spell library contained the following spells:

 Spells                   Type           Power      Damage    Failure   Level
 Freeze                   Ice            0%         1d3       97%         1
 Lesser Beckoning         Tloc           0%         N/A       99%         2
 Frozen Ramparts          Ice            0%         1d1       100%        3
 Gell's Gravitas          Tloc           0%         N/A       100%        3
 Hailstorm                Conj/Ice       0%         3d3       100%        3
 Teleport Other           Tloc           0%         N/A       100%        3


Dungeon Overview and Level Annotations

Branches:
Dungeon (5/15)
 Temple: D:4-7

Altars:
Dithmenos
Fedhas
Makhleb
Nemelex Xobeh
Ru
Wu Jian

Shops:
D:1 :   D:2 (:*!:   D:3 !


Innate Abilities, Weirdness & Mutations

You cannot be hasted, slowed, berserked, paralysed or teleported.
You can dig through walls and to a lower floor.
You have a pair of large antennae on your head. (SInv)
Your four strong arms can wield two-handed weapons with a shield.


Message History

The gnoll hits you with a +0 club.
* * * LOW HITPOINT WARNING * * *
Aiming: Bolt of Light
Press: ? - help, Shift-Dir - straight line, f - orc priest
Aim: an orc priest, wielding a +0 dagger (71% to hit)
The bolt of light hits the gnoll!
You kill the gnoll!
The bolt of light hits the orc priest!
The orc priest is heavily wounded.
The orc priest is blinded.
Unknown command.
Unknown command.
You hit the orc priest.
The orc priest is almost dead.
You slash the orc!
You kill the orc!
The orc priest hits you but does no damage.
You slash the orc priest!
You kill the orc priest!
An orc wizard comes into view. It is wielding a +0 dagger.
Aiming: Bolt of Light
Press: ? - help, Shift-Dir - straight line, f - orc wizard
Aim: an orc wizard, wielding a +0 dagger and wearing a +0 robe (64% to hit)
The bolt of light hits the orc wizard!
The orc wizard is almost dead.
The orc wizard is blinded.
You hear a shout!
The orc wizard casts a spell at you.
The magic dart hits you but does no damage.
You barely miss the orc wizard.
The orc wizard is almost dead.
The orc wizard gestures at you while chanting.
You are confused.
It was a potion of cancellation.
Your magical effects are unravelling.
You feel magically purged.
You feel less confused.
You feel a little less mighty now.
The orc wizard gestures at you while chanting.
The magic dart hits you!
You die...

......................#
..###.###############.#
..# #..### #.#
..###..#..## #.#
.###..###..##########.#
.......#..............#
##....###.......#######
.....## ##.......o>#
......# #.......@#.#
.....## ##.......#.#
..#.## ##.#....#{#
.#### ####.#.#.# ##
#####.### .####
####.#.....# ..#.##
##.#....#.#.# .....##
##......##.#.# ......#
#......##..#.#


You could see an orc wizard (blind).

Vanquished Creatures
  Sigmund (D:4)
  A phantom (D:4)
  A jelly (D:4)
  An orc priest (D:4)
  2 hounds (D:4)
  Ijyb (D:4)
  2 iguanas (D:5)
  Robin (D:4)
  A gnoll (D:4)
  4 adders
  4 worms
  4 dart slugs
  5 orcs
  7 ball pythons
  2 bats
  6 endoplasms
  A giant cockroach (D:1)
  15 goblins
  7 hobgoblins
  8 jackals
  2 quokkas
  4 frilled lizards
  7 kobolds
  5 rats
92 creatures vanquished.

Vanquished Creatures (others)
  A hobgoblin (D:4)
1 creature vanquished.

Grand Total: 93 creatures vanquished

Notes
Turn   | Place    | Note
-------+----------+-------------------------------------------
     0 | D:1      | Querens the Formicid Fighter began the quest for the Orb.
     0 | D:1      | Reached XP level 1. HP: 18/18 MP: 1/1
   315 | D:1      | Reached XP level 2. HP: 22/24 MP: 2/2
   438 | D:1      | Found Reyblu's Book Emporium.
   525 | D:2      | Reached XP level 3. HP: 29/29 MP: 3/3
   625 | D:2      | Found Secefum's Distillery.
   632 | D:2      | Bought a potion of curing for 36 gold pieces
   687 | D:2      | Found Boshraufe's Weapon Emporium.
   786 | D:2      | Reached XP level 4. HP: 37/37 MP: 4/4
   867 | D:2      | Found Vupsip's Assorted Antiques.
   891 | D:2      | Found Akhlaunoo's Book Emporium.
   960 | D:2      | Found Jyst's Book Shoppe.
  1051 | D:3      | Found Irhyco's Distillery.
  1063 | D:3      | Bought a potion of degeneration for 14 gold pieces
  1202 | D:3      | Found a shadowy altar of Dithmenos.
  1210 | D:3      | Found a blossoming altar of Fedhas.
  1283 | D:3      | Found a sacrificial altar of Ru.
  1294 | D:3      | Found a sparkling altar of Nemelex Xobeh.
  1375 | D:3      | Found an ornate altar of the Wu Jian Council.
  1481 | D:4      | Noticed Ijyb
  1495 | D:4      | Killed Ijyb
  1496 | D:4      | Reached skill level 5 in Shields
  1496 | D:4      | Reached XP level 5. HP: 39/42 MP: 5/5
  1681 | D:4      | Noticed Sigmund
  1691 | D:4      | Killed Sigmund
  1692 | D:4      | Reached XP level 6. HP: 49/49 MP: 6/6
  1736 | D:4      | Reached skill level 6 in Shields
  1736 | D:4      | Reached XP level 7. HP: 38/55 MP: 7/7
  1759 | D:4      | Reached skill level 5 in Armour
  1764 | D:4      | Reached skill level 5 in Fighting
  1854 | D:4      | Noticed Robin
  1866 | D:4      | Killed Robin
  1985 | D:4      | Found a burning altar of Makhleb.
  2206 | D:5      | Entered Level 5 of the Dungeon
  2303 | D:4      | HP: 1/56 [orc priest/divine providence (15)]
  2318 | D:4      | Killed from afar by an orc wizard

Illustrated notes

Levels and vault maps discovered:
D:1:      amcnicky_arrival_flooded_fountain, layout_loops_ring, serial_shops,
          nicolae_shop_window_shopping
D:2:      layout_basic, serial_shops, nicolae_shop_rolling_square,
          nicolae_shop_bloodbath_and_beyond, nicolae_book_shop_shelving,
          nicolae_shop_hallway_plus, nicolae_shop_behind_doors, st_stairs_13,
          minmay_surrounded
D:3:      layout_basic, mainiacjoe_overflow_small_starburst,
          mainiacjoe_overflow_catwalk_spiral, mainiacjoe_overflow_big_doors,
          serial_shops, nicolae_shop_tiny_glass
D:4:      layout_basic, lemuel_coloured_pillars_altar,
          nicolae_figureground_sparkle, uniq_sigmund, uniq_ijyb, uniq_robin
D:5:      layout_basic, minmay_temple_entry_mini_moons, dk_noncrumbling_2

Skill      XL: |  1  2  3  4  5  6  7 |
---------------+----------------------+-----
Fighting       | 4 5 |  5.2
Armour         | 4 5 |  5.3
Axes           | 3 4 |  4.3
Shields        | 5 6 |  6.4

Action                     |  1- 3 |  4- 6 |  7- 9 || total
---------------------------+-------+-------+-------++-------
  Melee: War axe           |    92 |   103 |    59 ||   254
         Unarmed           |       |     9 |       ||     9
Ability: Dig               |     1 |     1 |     1 ||     3
  Evoke: Wand              |       |     1 |     2 ||     3
    Use: Potion            |       |     1 |     3 ||     4
   Stab: Invisible         |       |     1 |       ||     1
 Armour: Scale mail        |     7 |       |       ||     7
         Chain mail        |    53 |    63 |    37 ||   153
  Dodge: Dodged            |    47 |    48 |    24 ||   119
  Block: Buckler           |    19 |    29 |    18 ||    66

Table legend: (Time is in decaauts)
 A = Elapsed time spent in this place.
 B = Non-inter-level travel time spent in this place.
 C = Inter-level travel time spent in this place.
 D = Time resting spent in this place.
 E = Time spent auto-exploring this place.
 F = Levels seen in this place.
 G = Mean time per level.
                   A        B        C        D        E       F      G
               +--------+--------+--------+--------+--------+-----+--------+
         Total |   2411 |   2347 |     64 |      0 |      0 |   5 |  482.2 |
       Dungeon |   2411 |   2347 |     64 |      0 |      0 |   5 |  482.2 |
               +--------+--------+--------+--------+--------+-----+--------+

Top non-repeatable levels by time:
     D:4: 771 daAuts
     D:2: 592 daAuts
     D:1: 499 daAuts
     D:3: 444 daAuts
     D:5: 103 daAuts
